3AA
BILLINGS POLAR BEARS @ ASHEVILLE HIGHLANDERS
08/24/2042
 
TOP OF THE 1ST
Billings Polar Bears batting - Pitching for Asheville Highlanders : RHP Vicente Molina
Pitching: RHP Vicente Molina
Batting: SHB Leonardo Rodríguez 0-0: Called Strike
0-1: Hit by Pitch
Batting: RHB Shalom Gestel 0-0: Called Strike
0-1: Ball
1-1: Ball
2-1: Ball
3-1: Base on Balls
Leonardo Rodríguez to second
Batting: RHB Rupert Bethune 0-0: Ball
1-0: Fly out, F9 (Flyball, 9, EV 98.1 MPH)
Runner from 2nd tags up, SAFE at 3rd with throw by RF
Batting: LHB Jorge Cruz 0-0: Ball
1-0: Ball
2-0: Ball
3-0: Base on Balls
Shalom Gestel to second
Batting: RHB Jose Reginalde 0-0: Ball
1-0: Ball
2-0: Called Strike
2-1: Called Strike
2-2: Strikes out looking
Batting: RHB Gary Panniers 0-0: SINGLE (Flyball, 9LS, EV 91.2 MPH)
Leonardo Rodríguez scores
Shalom Gestel to third
Jorge Cruz to second
Batting: LHB Stanley Bell 0-0: Called Strike
0-1: Foul Ball, location: 2F
0-2: Foul Ball, location: 2F
0-2: Strikes out swinging
Top of the 1st over - 1 run, 1 hit, 0 errors, 3 left on base; Billings 1 - Asheville 0
BOTTOM OF THE 1ST
Asheville Highlanders batting - Pitching for Billings Polar Bears : RHP Peter Kossan
Pitching: RHP Peter Kossan
Batting: LHB Juan Sapinoso 0-0: Ball
1-0: Ball
2-0: Ball
3-0: Called Strike
3-1: Swinging Strike
3-2: Fly out, F9 (Flyball, 9S, EV 95.0 MPH)
Batting: RHB Tikaroa Hakapuna 0-0: Called Strike
0-1: Ball
1-1: Foul Ball, location: 2F
1-2: Ball
2-2: Ground out 5-3 (Groundball, 56, EV 100.0 MPH)
Batting: SHB Wendell Palmer 0-0: Ball
1-0: Called Strike
1-1: Ground out 2-3 (Groundball, 13S, EV 68.8 MPH)
Bottom of the 1st over - 0 runs, 0 hits, 0 errors, 0 left on base; Billings 1 - Asheville 0
TOP OF THE 2ND
Billings Polar Bears batting - Pitching for Asheville Highlanders : RHP Vicente Molina
Batting: RHB Pleun Vleugel 0-0: Called Strike
0-1: Ball
1-1: Fly out, F3 (Popup, 3SF, EV 62.5 MPH)
Batting: RHB Michael Mack 0-0: Ball
1-0: Foul Ball, location: 2F
1-1: Ball
2-1: Called Strike
2-2: Ground out 2-3 (Groundball, 2L, EV 74.4 MPH)
Batting: SHB Leonardo Rodríguez 0-0: Ball
1-0: Ground out 4-3 (Groundball, 4, EV 81.2 MPH)
Top of the 2nd over - 0 runs, 0 hits, 0 errors, 0 left on base; Billings 1 - Asheville 0
BOTTOM OF THE 2ND
Asheville Highlanders batting - Pitching for Billings Polar Bears : RHP Peter Kossan
Batting: SHB Dean Barthorpe 0-0: Ball
1-0: Swinging Strike
1-1: Ball
2-1: Swinging Strike
2-2: Ball
3-2: Ground out 1-3 (Groundball, 15S, EV 67.5 MPH)
Batting: RHB Joe Frank 0-0: Ball
1-0: Called Strike
1-1: Fly out, F9 (Flyball, 89M, EV 89.4 MPH)
Batting: RHB Tony Castellanos 0-0: Called Strike
0-1: Ground out 3-1 (Groundball, 34S, EV 68.1 MPH)
Bottom of the 2nd over - 0 runs, 0 hits, 0 errors, 0 left on base; Billings 1 - Asheville 0
TOP OF THE 3RD
Billings Polar Bears batting - Pitching for Asheville Highlanders : RHP Vicente Molina
Batting: RHB Shalom Gestel 0-0: Foul Ball, location: 2F
0-1: Fly out, F7 (Line Drive, 7D, EV 92.5 MPH)
Batting: RHB Rupert Bethune 0-0: Ball
1-0: Swinging Strike
1-1: Foul Ball, location: 2F
1-2: Ball
2-2: Ball
3-2: Ground out U3 (Groundball, 3, EV 80.0 MPH)
Batting: LHB Jorge Cruz 0-0: Ball
1-0: Ball
2-0: Foul Ball, location: 2F
2-1: Foul Ball, location: 2F
2-2: Strikes out swinging
Top of the 3rd over - 0 runs, 0 hits, 0 errors, 0 left on base; Billings 1 - Asheville 0
BOTTOM OF THE 3RD
Asheville Highlanders batting - Pitching for Billings Polar Bears : RHP Peter Kossan
Batting: RHB Lane Ruffin 0-0: Called Strike
0-1: Ball
1-1: Ground out 6-3 (Groundball, 56, EV 98.1 MPH)
Batting: RHB Ted Murphy 0-0: Called Strike
0-1: Ball
1-1: Ground out 6-3 (Groundball, 56, EV 110.6 MPH)
Batting: RHB Dan Olson 0-0: Called Strike
0-1: Ball
1-1: Fly out, F7 (Flyball, 78XD, EV 93.8 MPH)
Bottom of the 3rd over - 0 runs, 0 hits, 0 errors, 0 left on base; Billings 1 - Asheville 0
TOP OF THE 4TH
Billings Polar Bears batting - Pitching for Asheville Highlanders : RHP Vicente Molina
Batting: RHB Jose Reginalde 0-0: Fly out, F8 (Flyball, 8LS, EV 82.5 MPH)
Batting: RHB Gary Panniers 0-0: Ball
1-0: Called Strike
1-1: Swinging Strike
1-2: Ball
2-2: Strikes out looking
Batting: LHB Stanley Bell 0-0: Ball
1-0: Ground out 6-3 (Groundball, 6M, EV 90.0 MPH)
Top of the 4th over - 0 runs, 0 hits, 0 errors, 0 left on base; Billings 1 - Asheville 0
BOTTOM OF THE 4TH
Asheville Highlanders batting - Pitching for Billings Polar Bears : RHP Peter Kossan
Batting: LHB Juan Sapinoso 0-0: Ball
1-0: SINGLE (Flyball, 9LS, EV 96.2 MPH)
Batting: RHB Tikaroa Hakapuna 0-0: Ball
1-0: Called Strike
1-1: Called Strike
1-2: Foul Ball, location: 2F
1-2: Ground out 5-3 (Groundball, 56S, EV 66.2 MPH)
Juan Sapinoso to second
Batting: SHB Wendell Palmer 0-0: Ball
1-0: SINGLE (Groundball, 6, EV 97.5 MPH) (infield hit)
Juan Sapinoso to third
Batting: SHB Dean Barthorpe 0-0: DOUBLE (Line Drive, 9LM, EV 105.6 MPH)
Juan Sapinoso scores
Wendell Palmer to third
Runner from 3rd tries for Home, SAFE, no throw by RF
Batting: RHB Joe Frank 0-0: Ball
1-0: Called Strike
1-1: Ball
2-1: Foul Ball, location: 2F
2-2: Ball
3-2: SINGLE (Flyball, 9S, EV 96.9 MPH)
Dean Barthorpe to third
Batting: RHB Tony Castellanos 0-0: Ball
1-0: SINGLE (Line Drive, 4D, EV 102.5 MPH)
Dean Barthorpe scores
Joe Frank to second
Batting: RHB Lane Ruffin 0-0: Fly out, F7 (Line Drive, 7, EV 89.4 MPH)
Batting: RHB Ted Murphy 0-0: Ball
1-0: Ball
2-0: Ball
3-0: Swinging Strike
3-1: Fly out, F7 (Flyball, 7, EV 83.8 MPH)
Bottom of the 4th over - 3 runs, 5 hits, 0 errors, 2 left on base; Billings 1 - Asheville 3
TOP OF THE 5TH
Billings Polar Bears batting - Pitching for Asheville Highlanders : RHP Vicente Molina
Batting: RHB Pleun Vleugel 0-0: Foul Ball, location: 2F
0-1: Swinging Strike
0-2: SINGLE (Flyball, 89S, EV 83.8 MPH)
Batting: RHB Michael Mack 0-0: Ball
1-0: Fly out, F8 (Flyball, 8LM, EV 95.0 MPH)
Batting: SHB Leonardo Rodríguez 0-0: Ball
1-0: Called Strike
1-1: Called Strike
1-2: Foul Ball, location: 2F
1-2: Foul Ball, location: 2F
1-2: Ball
2-2: SINGLE (Flyball, 89S, EV 92.5 MPH)
Pleun Vleugel to second
Runner from 2nd tries for 3rd, OUT! 9-5
Batting: RHB Shalom Gestel 0-0: Ball
Leonardo Rodríguez is caught stealing 2nd base 2-4
Top of the 5th over - 0 runs, 2 hits, 0 errors, 0 left on base; Billings 1 - Asheville 3
BOTTOM OF THE 5TH
Asheville Highlanders batting - Pitching for Billings Polar Bears : RHP Peter Kossan
Batting: RHB Dan Olson 0-0: Called Strike
0-1: Fly out, F9 (Line Drive, 9D, EV 106.2 MPH)
Batting: LHB Juan Sapinoso 0-0: Foul Ball, location: 2F
0-1: Ball
1-1: Called Strike
1-2: Ball
2-2: Foul Ball, location: 2F
2-2: SINGLE (Groundball, 34D, EV 94.4 MPH)
Batting: RHB Tikaroa Hakapuna 0-0: Ball
1-0: Called Strike
1-1: Ball
2-1: Ball
3-1: Base on Balls
Juan Sapinoso to second
Batting: SHB Wendell Palmer 0-0: Ball
1-0: Swinging Strike
1-1: Fly out, F9 (Flyball, 9S, EV 88.8 MPH)
Batting: SHB Dean Barthorpe 0-0: Called Strike
0-1: Ball
1-1: Ball
2-1: Swinging Strike
2-2: Strikes out swinging
Bottom of the 5th over - 0 runs, 1 hit, 0 errors, 2 left on base; Billings 1 - Asheville 3
TOP OF THE 6TH
Billings Polar Bears batting - Pitching for Asheville Highlanders : RHP Vicente Molina
Batting: RHB Shalom Gestel 0-0: Ball
1-0: Called Strike
1-1: SINGLE (Groundball, 6MD, EV 100.0 MPH)
Batting: RHB Rupert Bethune 0-0: Ball
1-0: Foul Ball, location: 2F
1-1: Foul Ball, location: 2F
1-2: Strikes out swinging
Batting: LHB Jorge Cruz 0-0: Ball
1-0: Ball
2-0: Ball
3-0: Base on Balls
Shalom Gestel to second
Batting: RHB Jose Reginalde 0-0: Ball
1-0: Ball
2-0: Foul Ball, location: 2F
2-1: Foul Ball, location: 2F
2-2: Fly out, F7 (Flyball, 7, EV 91.9 MPH)
Batting: RHB Gary Panniers 0-0: Swinging Strike
0-1: Ground out 4-3 (Groundball, 4, EV 86.2 MPH)
Top of the 6th over - 0 runs, 1 hit, 0 errors, 2 left on base; Billings 1 - Asheville 3
BOTTOM OF THE 6TH
Asheville Highlanders batting - Pitching for Billings Polar Bears : RHP Peter Kossan
Pitching: RHP Darrel Parker
Batting: RHB Joe Frank 0-0: Swinging Strike
0-1: Fly out, F8 (Flyball, 78M, EV 91.2 MPH)
Batting: RHB Tony Castellanos 0-0: Ball
1-0: Ball
2-0: Ball
3-0: Base on Balls
Batting: RHB Lane Ruffin 0-0: Ball
Tony Castellanos steals 2nd base
1-0: Swinging Strike
1-1: Called Strike
1-2: Ground out U3 (Groundball, 34, EV 93.1 MPH)
Tony Castellanos to third
Batting: RHB Ted Murphy 0-0: Ball
1-0: Ball
2-0: Called Strike
2-1: Foul Ball, location: 2F
2-2: Foul Ball, location: 2F
2-2: Strikes out looking
Bottom of the 6th over - 0 runs, 0 hits, 0 errors, 1 left on base; Billings 1 - Asheville 3
TOP OF THE 7TH
Billings Polar Bears batting - Pitching for Asheville Highlanders : RHP Vicente Molina
Batting: LHB Stanley Bell 0-0: Ball
1-0: Called Strike
1-1: Foul Ball, location: 2F
1-2: Ball
2-2: SINGLE (Groundball, 4MD, EV 101.2 MPH)
Pitching: RHP Matt Buck
Batting: RHB Pleun Vleugel 0-0: Ball
1-0: Ball
2-0: Sac Bunt to 3S - play at first, batter OUT! 3-1
Stanley Bell to second
Batting: RHB Michael Mack 0-0: Ball
1-0: Called Strike
1-1: Foul Ball, location: 2F
1-2: Strikes out swinging
Batting: SHB Leonardo Rodríguez 0-0: Called Strike
0-1: Ground out U3 (Groundball, 34S, EV 76.2 MPH)
Top of the 7th over - 0 runs, 1 hit, 0 errors, 1 left on base; Billings 1 - Asheville 3
BOTTOM OF THE 7TH
Asheville Highlanders batting - Pitching for Billings Polar Bears : RHP Darrel Parker
Batting: RHB Dan Olson 0-0: Ball
1-0: Ball
2-0: Called Strike
2-1: Fly out, F3 (Popup, 3SF, EV 85.6 MPH)
Batting: LHB Juan Sapinoso 0-0: Ball
1-0: Swinging Strike
1-1: Fly out, F3 (Popup, 3L, EV 71.2 MPH)
Batting: RHB Tikaroa Hakapuna 0-0: Ground out 1-3 (Groundball, 25, EV 83.8 MPH)
Bottom of the 7th over - 0 runs, 0 hits, 0 errors, 0 left on base; Billings 1 - Asheville 3
TOP OF THE 8TH
Billings Polar Bears batting - Pitching for Asheville Highlanders : RHP Matt Buck
Batting: RHB Shalom Gestel 0-0: Foul Ball, location: 2F
0-1: Ball
1-1: Foul Ball, location: 2F
1-2: Ground out 6-3 (Groundball, 6, EV 81.9 MPH)
Batting: RHB Rupert Bethune 0-0: Ball
1-0: Foul Ball, location: 2F
1-1: SINGLE (Flyball, 89S, EV 91.9 MPH)
Batting: LHB Jorge Cruz 0-0: Called Strike
0-1: Fielders Choice at 2nd, 2-4 (Groundball, 15S, EV 64.4 MPH)
Batting: RHB Jose Reginalde 0-0: Called Strike
0-1: Called Strike
0-2: Ball
1-2: Strikes out swinging
Top of the 8th over - 0 runs, 1 hit, 0 errors, 1 left on base; Billings 1 - Asheville 3
BOTTOM OF THE 8TH
Asheville Highlanders batting - Pitching for Billings Polar Bears : RHP Darrel Parker
Batting: SHB Wendell Palmer 0-0: Ball
1-0: Ball
2-0: Called Strike
2-1: Ball
3-1: Swinging Strike
3-2: Foul Ball, location: 2F
3-2: SINGLE (Groundball, 34D, EV 107.5 MPH)
Batting: SHB Dean Barthorpe 0-0: Ball
1-0: Fly out, F9 (Line Drive, 9, EV 94.4 MPH)
Batting: RHB Joe Frank 0-0: Called Strike
0-1: Ball
1-1: Foul Ball, location: 2F
1-2: Foul Ball, location: 2F
1-2: Ball
2-2: Fly out, F7 (Line Drive, 7, EV 100.6 MPH)
Batting: RHB Tony Castellanos 0-0: Ball
1-0: Fly out, F8 (Line Drive, 8LM, EV 92.5 MPH)
Bottom of the 8th over - 0 runs, 1 hit, 0 errors, 1 left on base; Billings 1 - Asheville 3
TOP OF THE 9TH
Billings Polar Bears batting - Pitching for Asheville Highlanders : RHP Matt Buck
Pitching: RHP Ryan Long
Now in CF: Allan Callejo
Batting: RHB Gary Panniers 0-0: Called Strike
0-1: Called Strike
0-2: Ball
1-2: Foul Ball, location: 2F
1-2: Foul Ball, location: 2F
1-2: Ground out 1-3 (Groundball, 13, EV 80.6 MPH)
Batting: LHB Stanley Bell 0-0: Called Strike
0-1: Ball
1-1: Ball
2-1: Reached on error, E5 (Popup, 56, EV 70.6 MPH)
Batting: RHB Pleun Vleugel 0-0: Ball
1-0: Ball
2-0: Ball
3-0: Called Strike
3-1: Foul Ball, location: 2F
3-2: Foul Ball, location: 2F
3-2: Fielders Choice at 2nd, 3-6 (Groundball, 3, EV 108.1 MPH)
Pinch Hitting: RHB Jesse Winters 0-0: Called Strike
0-1: Ball
1-1: DOUBLE (Line Drive, 78D, EV 108.8 MPH)
Pleun Vleugel to third
Batting: SHB Leonardo Rodríguez 0-0: Called Strike
0-1: SINGLE (Line Drive, 89M, EV 96.9 MPH)
Pleun Vleugel scores
Jesse Winters to third
Runner from 3rd tries for Home, SAFE, throw by RF to home
Batting: RHB Shalom Gestel 0-0: Called Strike
Leonardo Rodríguez is caught stealing 2nd base 2-4
Top of the 9th over - 2 runs, 2 hits, 1 error, 0 left on base; Billings 3 - Asheville 3
BOTTOM OF THE 9TH
Asheville Highlanders batting - Pitching for Billings Polar Bears : RHP Darrel Parker
Pitching: RHP Vas Atepko
Now at C: Kelly Johnson
Pinch Hitting: LHB Mark Mears 0-0: Ball
1-0: Ball
2-0: Ball
3-0: Base on Balls
Batting: RHB Ted Murphy 0-0: Bunted foul
0-1: Bunted foul
0-2: Ball
1-2: Strikes out looking
Batting: RHB Dan Olson 0-0: Ball
1-0: Fly out, F9 (Flyball, 89S, EV 86.9 MPH)
Batting: LHB Juan Sapinoso 0-0: Hit by Pitch
Mark Mears to second
Batting: RHB Tikaroa Hakapuna 0-0: Foul Ball, location: 2F
0-1: SINGLE (Flyball, 89M, EV 89.4 MPH)
Mark Mears to third
Juan Sapinoso to second
Runner from 3rd tries for Home, SAFE, throw by CF to home
Friday, March 26th, 2021 - OOTP Baseball 20.8 Build 74